 Dungeon Crawl Stone Soup version 0.20.1-1-g8b1a95d (webtiles) character file.

8443 Freud the Destroyer (level 11, -6/86 HPs)
             Began as a Barachi Wizard on Aug 12, 2017.
             Was an Initiate of Gozag.
             Mangled by an ice beast (13 damage)
             ... summoned by an ice statue
             ... on level 9 of the Dungeon on Aug 14, 2017.
             The game lasted 04:33:18 (9958 turns).

Freud the Destroyer (Barachi Wizard)                Turns: 9958, Time: 04:33:22

Health: -6/86      AC: 12    Str: 12    XL:     11   Next: 31%
Magic:  5/22       EV: 12    Int: 22    God:    Gozag
Gold:   1704       SH:  0    Dex: 11    Spells: 9/24 levels left

rFire    . . .     SeeInvis .   a - +6 rapier "Hooqotis" {flame, rN+ Str+4}
rCold    . . .     Gourm    .   (no shield)
rNeg     + . .     Faith    .   Q - +0 scale mail
rPois    .         Spirit   .   o - +0 helmet
rElec    .         Reflect  .   (no cloak)
rCorr    .         Harm     .   K - +2 pair of gloves
MR       +....                  (no boots)
Stlth    ..........             (no amulet)
Regen    0.3/turn               F - ring of wizardry
MPRegen  0.2/turn               n - ring of protection from magic

@: slow
A: +LOS, swims, slowness 1, strong legs 1
a: Hop, Potion Petition, Call Merchant, Bribe Branch, Renounce Religion


You were on level 9 of the Dungeon.
You worshipped Gozag.
Gozag was most pleased with you.
You were very full.

You visited 2 branches of the dungeon, and saw 10 of its levels.
You also visited: Sewer.

You collected 1766 gold pieces.
You paid 62 gold pieces to Gozag.

Inventory:

Hand Weapons
 a - the +6 rapier "Hooqotis" (weapon) {flame, rN+ Str+4}
   (You found it on level 9 of the Dungeon)

   It has been specially enchanted to burn those struck by it, causing extra
   injury to most foes and up to half again as much damage against particularly
   susceptible opponents.
   It affects your strength (+4).
   It protects you from negative energy.
 b - the +4 arc blade {discharge, rElec}
   (You found it on level 7 of the Dungeon)

   It insulates you from electricity.
 D - a +2 falchion of flaming
Missiles
 T - 4 javelins (quivered)
Armour
 o - a +0 helmet (worn)
 K - a +2 pair of gloves (worn)
 Q - a +0 scale mail (worn)
 Y - a +0 shield
Jewellery
 n - a ring of protection from magic (right hand)
 F - a ring of wizardry (left hand)
 O - an uncursed amulet of harm
 P - an uncursed ring of resist corrosion
 S - an uncursed ring of poison resistance
 U - an uncursed amulet of regeneration
Wands
 m - a wand of clouds (5/9)
 p - a wand of flame (31/48)
 q - a wand of confusion (33/48)
 x - a wand of paralysis (14/24)
 H - a wand of flame (33/48)
 R - a wand of iceblast (7/15)
Scrolls
 e - 2 scrolls of remove curse
 g - 4 scrolls of amnesia
 j - a scroll of holy word {unknown}
 k - a scroll of enchant weapon
 l - a scroll of teleportation
 s - a scroll of fog {unknown}
 t - a scroll of random uselessness {unknown}
 v - 4 scrolls of recharging {unknown}
 y - 2 scrolls of fear
 C - 2 scrolls of immolation
 G - 2 scrolls of enchant armour {unknown}
 W - a scroll of brand weapon {unknown}
 X - a scroll of blinking {unknown}
 Z - a scroll of summoning {unknown}
Potions
 c - 3 potions of curing
 f - a potion of heal wounds {unknown}
 h - a potion of brilliance {unknown}
 u - a potion of agility {unknown}
 z - a potion of magic {unknown}
 A - a potion of mutation {unknown}
 B - 5 potions of flight
 J - 2 potions of degeneration {unknown}
 L - a potion of might {unknown}
 M - a potion of berserk rage
Books
 r - a book of Minor Magic

   Spells                             Type                      Level
   a - Magic Dart                     Conjuration                  1
   b - Blink                          Translocation                2
   c - Call Imp                       Summoning                    2
   d - Slow                           Hexes                        2
   e - Conjure Flame                  Conjuration/Fire             3
   f - Mephitic Cloud                 Conjuration/Poison/Air       3
 I - a book of Maledictions

   Spells                             Type                      Level
   a - Corona                         Hexes                        1
   b - Ensorcelled Hibernation        Hexes/Ice                    2
   c - Confuse                        Hexes                        3
   d - Tukima's Dance                 Hexes                        3
   e - Dazzling Spray                 Conjuration/Hexes            3
Comestibles
 d - 2 bread rations
 i - 7 meat rations
 w - 7 royal jellies
 N - a fruit


   Skills:
 - Level 8.0 Fighting
 + Level 7.6 Long Blades
 - Level 7.3 Armour
 - Level 7.3 Dodging
 - Level 1.7 Stealth
 - Level 4.3 Shields
 - Level 7.4 Spellcasting
 - Level 8.5 Conjurations
 - Level 2.0 Hexes
 - Level 2.0 Summonings
 - Level 2.0 Translocations


You had 9 spell levels left.
You knew the following spells:

 Your Spells              Type           Power        Failure   Level  Hunger
a - Magic Dart            Conj           ####         1%          1    None
b - Blink                 Tloc           N/A          9%          2    None
c - Mephitic Cloud        Conj/Pois/Air  ###.....     12%         3    None
e - Conjure Flame         Conj/Fire      ####....     7%          3    None
f - Corona                Hex            ###....      6%          1    None
q - Call Imp              Summ           ###.....     9%          2    None
s - Dazzling Spray        Conj/Hex       ####..       4%          3    None


Dungeon Overview and Level Annotations

Branches:
Dungeon (9/15)             Temple (1/1) D:4            Lair (0/6) D:8
    Orc: D:9-12

Altars:
Ashenzari
Cheibriados
Dithmenos
Elyvilon
Fedhas
Gozag
Hepliaklqana
Kikubaaqudgha
Makhleb
Nemelex Xobeh
Okawaru
Qazlal
Ru
Sif Muna
Trog
Uskayaw
Vehumet
Xom
Yredelemnul
Zin
The Shining One

Shops:
D:7 }

Annotations:
D:9 exclusion: ice statue


Innate Abilities, Weirdness & Mutations

Shadows flee at your approach. (+LOS)
You can swim through water.
You cover ground slowly.
You can hop short distances.


Message History

You hit the ice beast but do no damage.
The ice beast hits you but does no damage.
You puncture the ice beast!
You melt the ice beast.
The ice beast is heavily wounded.
The ice beast closely misses you.
You hit the ice beast.
You melt the ice beast.
The ice beast is severely wounded.
The ice beast hits you but does no damage.
You hit the ice beast.
You melt the ice beast.
You kill the ice beast!
You hit the ice beast.
You melt the ice beast.
The ice beast is lightly wounded.
The ice beast hits you but does no damage.
You hit the ice beast.
You melt the ice beast.
The ice beast is moderately wounded.
The ice beast hits you.
* * * LOW HITPOINT WARNING * * *
The ice beast freezes you!
You die...
Your body crumbles into a pile of gold.

########## #.......P
#........# #........
#....>...# #........
#........####........
#>.......##..........
#........'..#........
#........#########.##
###(####### #..#
#)@Y....# #..#
#######(# ####.##
.....§....####≈≈≈.≈≈
.....§§...##.#≈≈...≈
.....§....##.#......
........§...........
...Y.........#......
....$.....##.#≈≈...≈
....8.....####≈≈≈.≈≈


You could see an ice beast.

Vanquished Creatures
  A hydra (D:9)
  A two-headed ogre (D:8)
  Joseph (D:9)
  A troll (D:9)
  A hornet (D:9)
  Prince Ribbit (D:6)
  2 dream sheep (D:9)
  A hippogriff (D:5)
  Sigmund (D:6)
  A wyvern (D:8)
  2 yaks (D:9)
  Menkaure (D:6)
  2 wargs
  A water moccasin (D:7)
  2 orc warriors
  A phantom (D:7)
  4 ice beasts
  2 black bears (D:9)
  4 sky beasts
  An ogre (D:4)
  A necrophage (D:9)
  A hornet zombie (D:6)
  6 centaurs
  5 big kobolds
  A wyvern zombie (D:8)
  5 bullfrogs
  2 gnoll sergeants
  6 killer bees
  A howler monkey (D:6)
  2 electric eels (D:9)
  3 crimson imps
  A quasit (D:9)
  2 bullfrog zombies
  2 centaur skeletons
  A centaur zombie (D:9)
  2 hounds
  2 jellies
  8 orc wizards
  6 orc priests
  An iguana (D:9)
  11 worker ants
  A killer bee zombie (D:9)
  A bullfrog simulacrum (D:9)
  A hound zombie (D:5)
  A hound skeleton (D:5)
  A worker ant zombie (D:9)
  7 adders
  17 gnolls
  A hound simulacrum (D:9)
  A river rat (Sewer)
  A shadow imp (D:9)
  A white imp (D:9)
  A howler monkey simulacrum (D:9)
  An adder skeleton (D:9)
  2 adder zombies
  3 worms
  5 dart slugs
  2 leopard geckos
  19 orcs
  9 bats
  7 giant cockroaches
  7 goblins
  4 hobgoblins
  4 jackals
  2 quokkas
  3 ball pythons
  A ball python zombie (D:5)
  5 frilled lizards
  A giant cockroach zombie (D:5)
  11 kobolds
  A leopard gecko skeleton (D:6)
  A leopard gecko zombie (D:5)
  A quokka zombie (D:5)
  10 rats
233 creatures vanquished.

Vanquished Creatures (collateral kills)
  A black bear (D:9)
  An orc wizard (D:9)
2 creatures vanquished.

Grand Total: 235 creatures vanquished

Notes
Turn   | Place    | Note
-------+----------+-------------------------------------------
     0 | D:1      | Freud the Barachi Wizard began the quest for the Orb.
     0 | D:1      | Reached XP level 1. HP: 13/13 MP: 4/4
   150 | D:1      | Reached XP level 2. HP: 19/19 MP: 1/6
   536 | D:1      | Reached XP level 3. HP: 24/24 MP: 4/8
   785 | D:1      | Learned a level 2 spell: Blink
   789 | D:1      | Learned a level 3 spell: Mephitic Cloud
   792 | D:1      | Learned a level 2 spell: Call Imp
  1316 | D:2      | Reached XP level 4. HP: 30/30 MP: 3/10
  1332 | D:2      | Learned a level 3 spell: Conjure Flame
  1724 | D:3      | Found a snail-covered altar of Cheibriados.
  2092 | D:3      | Reached XP level 5. HP: 35/35 MP: 6/11
  2739 | D:3      | Reached XP level 6. HP: 29/41 MP: 8/13
  2928 | D:4      | Reached skill level 5 in Spellcasting
  2966 | D:4      | Found a shadowy altar of Dithmenos.
  3002 | D:4      | Reached skill level 1 in Armour
  3002 | D:4      | Reached skill level 5 in Conjurations
  3215 | D:4      | Found a staircase to the Ecumenical Temple.
  3221 | Temple   | Entered the Ecumenical Temple
  3274 | Temple   | Became a worshipper of Gozag Ym Sagoz the Greedy
  3413 | D:5      | Entered Level 5 of the Dungeon
  3461 | D:5      | Noticed a hippogriff
  3493 | D:4      | Reached skill level 1 in Fighting
  3539 | D:5      | HP: 1/43 [centaur (4)]
  3545 | D:5      | Reached XP level 7. HP: 50/50 MP: 3/15
  3703 | D:5      | Found a glowing drain.
  3715 | Sewer    | Entered a sewer
  3815 | Sewer    | Found a white marble altar of Elyvilon.
  4131 | D:5      | Killed a hippogriff
  4131 | D:5      | Reached XP level 8. HP: 56/56 MP: 8/19
  4682 | D:6      | Noticed Sigmund
  4702 | D:6      | Killed Sigmund
  4788 | D:6      | Noticed Prince Ribbit
  5072 | D:6      | Killed Prince Ribbit
  5072 | D:6      | Reached skill level 5 in Armour
  5238 | D:4      | Reached skill level 5 in Dodging
  5238 | D:4      | Reached XP level 9. HP: 38/66 MP: 10/20
  5326 | D:6      | Reached skill level 5 in Fighting
  5579 | D:6      | Noticed Menkaure
  5585 | D:6      | Killed Menkaure
  5833 | D:6      | Learned a level 1 spell: Corona
  5866 | D:6      | Found a radiant altar of Vehumet.
  5867 | D:6      | Found a basalt altar of Yredelemnul.
  5903 | D:7      | Found an opulent altar of Gozag.
  6038 | D:7      | Found Maucef's Gadget Shoppe.
  6273 | D:7      | Reached skill level 1 in Hexes
  6406 | D:7      | Found a glowing golden altar of the Shining One.
  6574 | D:7      | Reached skill level 1 in Shields
  6903 | D:7      | Learned a level 3 spell: Dazzling Spray
  7141 | D:8      | Reached XP level 10. HP: 51/77 MP: 8/21
  7251 | D:8      | Noticed a two-headed ogre
  7272 | D:8      | Killed a two-headed ogre
  7681 | D:8      | Found a staircase to the Lair.
  7770 | D:8      | Found a sparkling altar of Nemelex Xobeh.
  8013 | D:8      | Found a burning altar of Makhleb.
  8013 | D:8      | Noticed a cacodemon
  8016 | D:8      | Noticed a smoke demon
  8121 | D:9      | Noticed Joseph
  8138 | D:9      | Killed Joseph
  8463 | D:9      | Noticed an ice statue
  8471 | D:9      | Found a bloodstained altar of Trog.
  8922 | D:9      | Reached XP level 11. HP: 80/86 MP: 14/22
  8969 | D:9      | Noticed a three-headed hydra
  8973 | D:9      | Killed a three-headed hydra
  9517 | D:9      | Got a faintly glowing rapier
  9518 | D:9      | Identified the +6 rapier "Hooqotis" {flame, rN+ Str+4} (You found it on level 9 of the Dungeon)
  9958 | D:9      | Mangled by an ice beast

Skill      XL: |  1  2  3  4  5  6  7  8  9 10 11 |
---------------+----------------------------------+-----
Conjurations   | 2 3 4 5 8 |  8.5
Spellcasting   | 4 5 7 |  7.4
Summonings     | 2 |  2.0
Translocations | 2 |  2.0
Armour         | 1 5 6 7 |  7.3
Fighting       | 2 4 6 8 |  8.0
Dodging        | 5 7 |  7.3
Hexes          | 1 2 |  2.0
Shields        | 4 |  4.3
Long Blades    | 3 7 |  7.6
Stealth        | |  1.7

Action                   |  1- 3 |  4- 6 |  7- 9 | 10-12 || total
-------------------------+-------+-------+-------+-------++-------
Melee: Unarmed           |    19 |       |       |       ||    19
       Mace              |    25 |    27 |    24 |       ||    76
       Trident           |       |       |    37 |       ||    37
       Rapier            |       |       |    25 |   276 ||   301
Throw: Stone             |    11 |    16 |     4 |       ||    31
       Javelin           |       |       |       |    14 ||    14
       Throwing net      |       |       |       |     1 ||     1
 Cast: Magic Dart        |    86 |   131 |   332 |   291 ||   840
       Blink             |       |     3 |     5 |     2 ||    10
       Conjure Flame     |       |     4 |     6 |     4 ||    14
       Call Imp          |       |     1 |       |       ||     1
       Mephitic Cloud    |       |       |    14 |     4 ||    18
       Dazzling Spray    |       |       |     1 |    15 ||    16
       Corona            |       |       |       |     1 ||     1
Invok: Potion Petition   |       |     1 |       |       ||     1
 Abil: Hop               |     3 |     6 |    18 |     4 ||    31
  Use: Scroll            |       |     8 |     3 |     2 ||    13
       Potion            |       |     1 |       |       ||     1
 Stab: Sleeping          |       |     1 |       |       ||     1
       Confused          |       |       |     1 |       ||     1
       Invisible         |       |       |       |     2 ||     2
  Eat: Chunk             |     1 |     8 |       |       ||     9
       Bread ration      |       |     1 |     2 |     2 ||     5
       Fruit             |       |       |       |    11 ||    11
Armor: Robe              |     8 |     8 |     6 |       ||    22
       Skin              |       |    10 |     1 |       ||    11
       Ring mail         |       |       |    41 |    15 ||    56
       Scale mail        |       |       |       |   130 ||   130
Dodge: Dodged            |    42 |    39 |    95 |   171 ||   347
